 Dungeon Crawl Stone Soup version 0.30.1-4-g462c640d31 (webtiles) character file.

Game seed: 7811533855223320693

1505 booth the Chopper (level 8, -11/60 (61) HPs)
             Began as a Demonspawn Gladiator on Aug 20, 2023.
             Was an Initiate of Ashenzari.
             Mangled by a wight
             ... wielding a +5 halberd
              (12 damage)
             ... on level 6 of the Dungeon on Aug 21, 2023.
             The game lasted 00:31:16 (5692 turns).

booth the Chopper (Demonspawn Gladiator)            Turns: 5692, Time: 00:31:16

HP:   -11/60 (61)   AC:  8    Str: 16    XL:     8   Next: 52%
MP:   0/11          EV: 13    Int: 11    God:    Ashenzari [......]
Gold: 273           SH:  0    Dex: 14    Spells: 11/11 levels left

rFire   + . .        a - +3 war axe
rCold   + . .        (no shield)
rNeg    . . .        b - +0 leather armour
rPois   .            c - +0 helmet
rElec   .            j - scarf "At What Cost Knowledge?" {rC+ rF+, Bglg, Range} (curse)
rCorr   .            f - +2 pair of gloves
SInv    .            (no boots)
Will    .....        p - amulet of guardian spirit
Stlth   +            (no ring)
HPRegen 0.30/turn    (no ring)
MPRegen 0.24/turn

%: guardian spirit
@: lightly drained
A: magic regeneration, sharp scales 1, demonic touch 1
a: Renounce Religion, Shatter the Chains


You were on level 6 of the Dungeon.
You worshipped Ashenzari.
Ashenzari was noncommittal.
You visited 2 branches of the dungeon, and saw 7 of its levels.
You also visited: Sewer.

You collected 273 gold pieces.

Inventory:

Hand Weapons
 a - a +3 war axe (weapon)
 r - a +1 hand axe of freezing
Missiles
 d - 3 throwing nets (quivered)
 e - a javelin
 h - 12 poisoned darts
 o - 3 boomerangs of dispersal
 s - 4 boomerangs
Armour
 b - a +0 leather armour (worn)
 c - a +0 helmet (worn)
 f - a +2 pair of gloves (worn)
 j - the cursed scarf "At What Cost Knowledge?" (worn) {rC+ rF+, Bglg, Range}
   (You found it on level 5 of the Dungeon)

   It has a curse which improves the following skills: Beguiling: Conjurations,
   Hexes and Translocations.
   Ranged Combat: Ranged Weapons and Throwing.
 q - a +0 ring mail
Jewellery
 i - a ring of flight
 p - an amulet of guardian spirit (around neck)
Wands
 g - a wand of charming (16)
 t - a wand of flame (48)
Scrolls
 u - a scroll of magic mapping
 y - a scroll of poison {unknown}
 B - 2 scrolls of noise {unknown}
Potions
 k - 2 potions of haste
 l - 2 potions of lignification
 m - a potion of invisibility
 n - a potion of ambrosia
 v - 2 potions of brilliance
 w - a potion of curing
 x - a potion of cancellation
 z - a potion of might
 A - 2 potions of attraction {unknown}


   Skills:
 + Level 4.9 Fighting
 * Level 6.0 Axes
 + Level 4.5(4.9) Throwing
 + Level 5.0 Dodging
 + Level 2.1 Spellcasting
 + Level 2.4(2.7) Conjurations


You had 11 spell levels left.
You didn't know any spells.
Your spell library contained the following spells:

 Spells                   Type           Power      Damage    Failure   Level
 Dazzling Flash           Conj/Hex       8%         N/A       52%         3
 Volatile Blastmotes      Fire/Tloc      2%         2d10      71%         3
 Iskenderun's Mystic Bla  Conj/Tloc      4%         2d3       89%         4
 Starburst                Conj/Fire      2%         6d3       100%        6


Dungeon Overview and Level Annotations

Branches:
Dungeon (6/15)             Temple (1/1) D:4           Sewer (visited)

Altars:
Ashenzari
Cheibriados
Dithmenos
Fedhas
Hepliaklqana
Kikubaaqudgha
Makhleb
Nemelex Xobeh
Okawaru
Qazlal
Ru
Sif Muna
Trog
Uskayaw
Vehumet
Wu Jian
Xom
Yredelemnul

Shops:
D:6 :

Annotations:
D:4 1 runed translucent door, jujuben's ghost, amateur MfIE
D:6 1 runed translucent door, Crazy Yiuf


Innate Abilities, Weirdness & Mutations

You regenerate magic rapidly.
You are partially covered in razor-sharp scales. (AC +1, Slay +1)
Your touch may inflict minor irresistible damage on your foes.


Message History

The wight closely misses you.
You barely miss the wight.
The wight is almost destroyed.
The wight barely misses you. The wight hits you with a +1 flail!
You feel drained.
You slash the wight!
You destroy the wight!
You hit the wight. You slash the wight! The wight closely misses you.
The wight hits you with a +7 morningstar.
You feel drained.
Your Spellcasting skill increases to level 2!
You closely miss the wight.
The wight is heavily damaged.
You hit the wight. The wight hits you with a +5 mace!
You feel drained. The wight misses you.
You slash the wight!
You destroy the wight!
You hit the wight. The wight hits you with a +5 mace!
The wight hits you from afar with a +5 halberd.
* * * LOW HITPOINT WARNING * * *
Your Axes skill increases to level 6!
Your Dodging skill increases to level 5!
The wight hits you with a +5 mace.
* * * LOW HITPOINT WARNING * * *
You feel drained.
* * * LOW HITPOINT WARNING * * *
The wight barely misses you.
Things that are here:
a +1 flail; a +0 robe You slash the wight!
The wight is heavily damaged.
You hit the wight.
You destroy the wight!
The wight barely misses you.
You hit the wight.
The wight is almost destroyed.
The wight hits you with a +5 halberd!
* * * LOW HITPOINT WARNING * * *
The wight hits you with a +5 halberd!
You die...

#.### .## # #.######
##..... # #.8...8#
#....... ##
#......##...##... .
#...>................#..#.
##.......#...........#.##.
#8...∩...8............#..
###....))................
#....<@z...............
###....................
#8...8...............
##..###...#..........
##......##.[.....(..
####....#..........
##..............
##....<###......
#......####.....


You could see a wight.

Vanquished Creatures
  Menkaure (D:6)
  A sky beast (D:6)
  An ice beast (D:6)
  Pargi (Sewer)
  A black bear (D:6)
  A phantom (D:6)
  A scorpion (D:4)
  4 wights (D:6)
  2 hounds
  2 jellies
  2 orc priests
  Natasha (thrice) (D:2)
  4 iguanas (D:6)
  4 orc wizards
  7 adders
  3 gnolls (D:5)
  A shadow imp (D:6)
  A white imp (D:6)
  3 dart slugs (D:4)
  14 orcs
  5 ball pythons
  5 bats
  8 endoplasms
  5 giant cockroaches
  16 goblins
  3 hobgoblins
  9 jackals
  7 kobolds
  7 frilled lizards
  3 rats
125 creatures vanquished.

Notes
Turn   | Place    | Note
-------+----------+-------------------------------------------
     0 | D:1      | booth the Demonspawn Gladiator began the quest for the Orb.
     0 | D:1      | Reached XP level 1. HP: 16/16 MP: 1/1
   418 | D:1      | Gained mutation: You are partially covered in razor-sharp
                  | scales. (AC +1, Slay +1) [demonic ancestry]
   418 | D:1      | Reached XP level 2. HP: 22/22 MP: 2/2
   993 | D:2      | Reached skill level 3 in Axes
  1100 | D:2      | Reached XP level 3. HP: 27/28 MP: 3/3
  1338 | D:2      | Noticed Natasha
  1347 | D:2      | Killed Natasha
  1348 | D:2      | Gained mutation: Your touch may inflict minor irresistible
                  | damage on your foes. [demonic ancestry]
  1348 | D:2      | Reached XP level 4. HP: 16/34 MP: 4/4
  1662 | D:2      | Noticed Natasha
  1673 | D:2      | Killed Natasha
  1896 | D:2      | Noticed Natasha
  1903 | D:2      | Killed Natasha
  2095 | D:3      | Found a broken altar of Ashenzari.
  2212 | D:3      | Reached XP level 5. HP: 40/41 MP: 5/5
  2370 | D:3      | Found a shimmering blue altar of Sif Muna.
  2671 | D:3      | Found a glowing drain.
  2677 | Sewer    | Entered a sewer
  2718 | Sewer    | Noticed Pargi
  2730 | Sewer    | Killed Pargi
  2731 | Sewer    | Reached skill level 4 in Axes
  2731 | Sewer    | Reached XP level 6. HP: 33/48 MP: 4/6
  3370 | D:4      | Found a blossoming altar of Fedhas.
  3370 | D:4      | Found a snail-covered altar of Cheibriados.
  3449 | D:4      | Found a staircase to the Ecumenical Temple.
  3455 | Temple   | Entered the Ecumenical Temple
  3684 | D:3      | Became a worshipper of Ashenzari the Shackled
  3758 | D:4      | Found a runed translucent door.
  3760 | D:4      | Noticed jujuben's ghost (amateur MfIE)
  3760 | D:4      | Noticed a yak
  4050 | D:5      | Entered Level 5 of the Dungeon
  4310 | D:5      | Gained mutation: You regenerate magic rapidly. [demonic
                  | ancestry]
  4310 | D:5      | Reached XP level 7. HP: 51/54 MP: 5/7
  5069 | D:6      | Reached skill level 5 in Axes
  5166 | D:6      | Reached skill level 1 in Spellcasting
  5166 | D:6      | Reached skill level 1 in Conjurations
  5226 | D:6      | Reached XP level 8. HP: 24/61 MP: 5/9
  5577 | D:6      | Found Maily's Book Shop.
  5577 | D:6      | Noticed Menkaure
  5588 | D:6      | Killed Menkaure
  5648 | D:6      | Found a runed translucent door.
  5649 | D:6      | Noticed Crazy Yiuf
  5690 | D:6      | Reached skill level 6 in Axes
  5690 | D:6      | Reached skill level 5 in Dodging
  5692 | D:6      | HP: 1/60 [wight/+5 halberd (11)]
  5692 | D:6      | Mangled by a wight

Illustrated notes

Levels and vault maps discovered:
D:1:      dpeg_arrival_yet_another_circle, layout_loops_ring,
          hangedman_feature_mirror
D:2:      layout_loops_ring, uniq_natasha
D:3:      layout_basic, mainiacjoe_overflow_catwalk, kennysheep_orc_sif_temple,
          portal_sewer_entry_e
D:4:      layout_loops_ring, nicolae_overflow_two_pavilions, temple_green,
          ebering_ghost_inner_flame, serial_glass, glass_columns_a,
          glass_columns_c, feat_on_display, minmay_strange_pillars,
          minmay_strange_pillars, due_unseen_surprise
D:5:      layout_basic
D:6:      layout_cave_pools, nicolae_tso_carved_into_rock, serial_shops,
          nicolae_stop_n_shop_1, minmay_circle_x, uniq_crazy_yiuf_cottage,
          uniq_menkaure, uniq_edmund
Temple:   eino_temple_scatter_basement

Skill      XL: |  1  2  3  4  5  6  7  8 |
---------------+-------------------------+-----
Throwing       | 2 3 4 |  4.5
Dodging        | 3 4 5 |  5.0
Axes           | 3 4 5 6 |  6.0
Fighting       | 3 4 |  4.9
Spellcasting   | 1 2 |  2.1
Conjurations   | 1 2 |  2.4

Action                     |  1- 3 |  4- 6 |  7- 9 || total
---------------------------+-------+-------+-------++-------
  Melee: War axe           |    92 |   136 |   104 ||   332
         Touch             |       |    17 |    11 ||    28
         Punch             |       |       |     1 ||     1
  Throw: Dart              |       |     3 |     1 ||     4
         Javelin           |       |     1 |       ||     1
 Invoke: Curse Item        |       |       |     1 ||     1
  Evoke: Wand              |       |       |     1 ||     1
    Use: Scroll            |     2 |    11 |     1 ||    14
         Potion            |     1 |     3 |       ||     4
   Stab: Sleeping          |       |     2 |       ||     2
         Distracted        |       |       |     1 ||     1
 Armour: Leather armour    |    31 |    53 |    34 ||   118
  Dodge: Dodged            |    52 |   102 |    88 ||   242
